 Dungeon Crawl Stone Soup version 0.20-a0-1114-g33edf32 (webtiles) character file.

53 FrankyJ the Charmwright (level 3, -3/31 HPs)
             Began as a Gnoll Skald on May 6, 2017.
             Slain by a goblin (6 damage)
             ... led by Robin
             ... on level 2 of the Dungeon on May 7, 2017.
             The game lasted 00:08:24 (1696 turns).

FrankyJ the Charmwright (Gnoll Skald)               Turns: 1696, Time: 00:08:25

Health: -3/31      AC:  3    Str: 11    XL:     3   Next: 87%
Magic:  3/8        EV: 13    Int: 13    God:
Gold:   29         SH:  0    Dex: 13    Spells: 2/10 levels left

rFire    . . .     SeeInvis .   r - +0 war axe
rCold    . . .     Gourm    .   (no shield)
rNeg     . . .     Faith    .   b - +0 leather armour
rPois    .         Spirit   .   (no helmet)
rElec    .         Reflect  .   (no cloak)
rCorr    .         Harm     .   (no gloves)
MR       .....                  (no boots)
Stlth    +.........             (no amulet)
Regen    0.1/turn               (no ring)
MPRegen  0.2/turn               (no ring)

@: infused, singing, very slightly contaminated
A: short attention span, fangs 1, strong nose
a: no special abilities


You were on level 2 of the Dungeon.
You were hungry.

You visited 1 branch of the dungeon, and saw 2 of its levels.

You collected 29 gold pieces.

Inventory:

Hand Weapons
 r - a +0 war axe (weapon)
Missiles
 g - 93 stones (quivered)
Armour
 b - a +0 leather armour (worn)
 f - a +0 large shield
Scrolls
 e - a scroll of amnesia {unknown}
 j - a scroll of enchant armour {unknown}
 k - 5 scrolls of identify {unknown}
 m - a scroll of recharging {unknown}
 o - a scroll of immolation {unknown}
Potions
 h - a potion of ambrosia {unknown}
 i - 2 potions of heal wounds {unknown}
 p - a potion of degeneration {unknown}
 q - 3 potions of cancellation {unknown}
Books
 c - a book of Battle

   Spells                             Type                      Level
   a - Infusion                       Charms                       1
   b - Shroud of Golubria             Charms/Translocation         2
   c - Song of Slaying                Charms                       2
   d - Spectral Weapon                Hexes/Charms                 3
   e - Regeneration                   Charms/Necromancy            3
Comestibles
 a - a meat ration
 d - 2 bread rations
 l - 6 fruits
 n - a royal jelly


   Skills:
 * Level 4.6 Fighting
   Level 3.4 Short Blades
 + Level 0.0 Axes
 - Level 1.7 Armour
 + Level 3.4 Dodging
 - Level 4.1 Spellcasting
 + Level 0.4 Hexes
 - Level 6.0 Charms


You had 2 spell levels left.
You knew the following spells:

 Your Spells              Type           Power        Failure   Level  Hunger
a - Infusion              Chrm           ###.         2%          1    None
b - Shroud of Golubria    Chrm/Tloc      ##........   12%         2    ##.....
c - Song of Slaying       Chrm           ###.....     3%          2    ##.....
d - Spectral Weapon       Hex/Chrm       ##......     21%         3    ###....


Dungeon Overview and Level Annotations

Branches:
Dungeon (2/15)

Altars:

Annotations:
D:2 Robin


Innate Abilities, Weirdness & Mutations

You have a short attention span.
You have very sharp teeth.
Your uncanny sense of smell can sniff out nearby items.


Message History

The goblin hits you with a club. x2; The goblin closely misses you.
Cast which spell? (? or * to list)
Okay, then.
Cast which spell? (? or * to list)
You miscast Shroud of Golubria.
You are very lightly contaminated with residual magic.
Nothing appears to happen.
Robin throws the goblin at you! The goblin hits you with a club.
The goblin hits you.
Casting: Shroud of Golubria
Confirm with . or Enter, or press ? or * to list all spells.
You begin infusing your attacks with magical energy.
Robin roars a battlecry!
The goblins go into a battle-frenzy!
The goblin hits you. The goblin hits you with a club!
* * * LOW HITPOINT WARNING * * *
Casting: Infusion
Confirm with . or Enter, or press ? or * to list all spells.
You start singing a song of slaying.
Robin throws the goblin at you! The goblin hits you.
You die...

###### #.# #.# #.# ### #
#.# #.. ## ## #.# #.# .#
.######.##.# #.# ###..#.
..##.......####.##gg.....
..+............g@g.......
..##.#.....####g##g#g..##
.### ##..#.# #.# .# .# ##
#.##..#.# #.. gg #
#.......# ####.##
####.#### .# #.# .# #.#
.# #.#


You could see Robin, a hobgoblin and 5 goblins.

Vanquished Creatures
  An adder (D:1)
  A worm (D:1)
  A dart slug (D:1)
  A leopard gecko (D:1)
  4 bats (D:1)
  A giant cockroach (D:1)
  7 goblins
  3 hobgoblins
  3 jackals (D:1)
  3 frilled lizards (D:1)
  7 kobolds
  4 rats
36 creatures vanquished.

Notes
Turn   | Place    | Note
-------+----------+-------------------------------------------
     0 | D:1      | FrankyJ the Gnoll Skald began the quest for the Orb.
     0 | D:1      | Reached XP level 1. HP: 18/18 MP: 5/5
    58 | D:1      | Reached skill level 5 in Charms
   212 | D:1      | Reached XP level 2. HP: 24/24 MP: 4/7
   219 | D:1      | Learned a level 2 spell: Shroud of Golubria
   222 | D:1      | Learned a level 2 spell: Song of Slaying
   589 | D:1      | Reached XP level 3. HP: 29/30 MP: 6/8
   713 | D:1      | Reached skill level 6 in Charms
  1606 | D:2      | Learned a level 3 spell: Spectral Weapon
  1690 | D:2      | Noticed Robin
  1696 | D:2      | Slain by a goblin

Vault maps used:
D:1:      lightli_molten_gateway, minmay_crystal_water,
          minmay_misc_feat_encased, minmay_misc_feat_more_columns,
          nrook_mini_backslash, minmay_misc_feat_nine_boxes, minmay_bisected
D:2:      minmay_diamond_boxcup, first_bread, uniq_robin, uniq_sigmund

Skill      XL: |  1  2  3 |
---------------+----------+-----
Spellcasting   | 4 |  4.1
Charms         | 5 6 |  6.0
Fighting       | 4 |  4.6
Short Blades   | |  3.4
Armour         | |  1.7
Dodging        | |  3.4
Hexes          | |  0.4

Action                   || total
-------------------------++-------
Melee: Short sword       ||    97
       Bite              ||     7
       War axe           ||     2
 Cast: Infusion          ||    12
       Shroud of Golubri ||     3
       Song of Slaying   ||     1
  Eat: Chunk             ||     2
Armor: Leather armour    ||    22
Dodge: Dodged            ||    80
